 Dungeon Crawl Stone Soup version 0.20.1-1-g8b1a95d (webtiles) character file.

4603 Monsterracer the Thaumaturge (level 10, -4/44 HPs)
             Began as a Spriggan Earth Elementalist on Sept 6, 2017.
             Was a Believer of Ashenzari.
             Killed by blast of rock fragments (26 damage)
             ... on level 9 of the Dungeon on Sept 7, 2017.
             The game lasted 00:37:34 (10961 turns).

Monsterracer the Thaumaturge (SpEE)                Turns: 10961, Time: 00:37:35

Health: -4/44      AC:  2    Str:  4    XL:     10   Next: 19%
Magic:  11/24      EV: 20    Int: 20    God:    Ashenzari [**....]
Gold:   519        SH:  3    Dex: 17    Spells: 6/28 levels left

rFire    . . .     SeeInvis +   q - -1 short sword (drain) (curse)
rCold    + . .     Gourm    .   (shield restricted)
rNeg     . . .     Faith    .   A - +0 robe (curse)
rPois    .         Spirit   .   (helmet restricted)
rElec    .         Reflect  +   (no cloak)
rCorr    .         Harm     .   (gloves unavailable)
MR       +....                  (boots unavailable)
Stlth    ++++......             i - +3 amulet of reflection (curse)
Regen    0.2/turn               g - +3 ring of slaying (curse)
MPRegen  0.2/turn               f - ring of protection from cold

@: very quick
A: unfitting armour, see invisible, herbivore 3, speed 3, slow metabolism 2
a: Curse Item, Scrying, Renounce Religion


You were on level 9 of the Dungeon.
You worshipped Ashenzari.
Ashenzari was pleased with you.
You were hungry.

You visited 1 branch of the dungeon, and saw 9 of its levels.

You collected 519 gold pieces.

Inventory:

Hand Weapons
 q - a cursed -1 short sword of draining (weapon)
 w - a +1 vampiric dagger
Missiles
 j - 149 stones (quivered)
 o - a throwing net
Armour
 b - a +1 robe of positive energy
 z - a +0 buckler
 A - a cursed +0 robe (worn)
Jewellery
 f - a ring of protection from cold (right hand)
 g - a cursed +3 ring of slaying (left hand)
 i - a cursed +3 amulet of reflection (around neck)
 D - a +3 ring of strength
Wands
 s - a wand of digging (24/24)
 x - a wand of flame (27/48)
 y - a wand of polymorph (9/24)
Scrolls
 c - 4 scrolls of fog
 e - a scroll of enchant armour
 h - 4 scrolls of teleportation
 l - a scroll of magic mapping
 v - a scroll of enchant weapon
Potions
 a - a potion of haste {unknown}
 k - 2 potions of berserk rage {unknown}
 m - 4 potions of curing
 n - 3 potions of heal wounds
 p - 4 potions of lignification
 r - a potion of agility
 u - 2 potions of flight {unknown}
 B - a potion of ambrosia {unknown}
 C - a potion of might {unknown}
Comestibles
 d - 4 bread rations
 t - 2 royal jellies


   Skills:
 + Level 0.5 Fighting
 - Level 2.0(3.7) Short Blades
 + Level 4.9 Dodging
 + Level 8.4 Stealth
 + Level 9.9 Spellcasting
 + Level 3.7(5.0) Conjurations
 - Level 4.7(6.1) Transmutations
 + Level 1.9(3.0) Fire Magic
 * Level 8.4(9.9) Earth Magic


You had 6 spell levels left.
You knew the following spells:

 Your Spells              Type           Power        Failure   Level  Hunger
a - Sandblast             Erth           #####.       1%          1    None
b - Conjure Flame         Conj/Fire      ####....     4%          3    None
c - Stone Arrow           Conj/Erth      #####.       1%          3    None
d - Lee's Rapid Deconstr  Erth           #####.....   3%          5    #####..
e - Petrify               Tmut/Erth      #####...     2%          4    ##.....
f - Passwall              Tmut/Erth      #####.....   1%          2    None
g - Sticky Flame          Conj/Fire      ####....     13%         4    ##.....


Dungeon Overview and Level Annotations

Branches:
Dungeon (9/15)             Temple (0/1) D:4            Lair (0/6) D:8
    Orc (0/2) D:9

Altars:
Ashenzari
Kikubaaqudgha
Makhleb
Ru
Trog
Uskayaw
Vehumet
Beogh

Annotations:
D:9 2 transporters


Innate Abilities, Weirdness & Mutations

You are very small and have problems with some larger weapons.
You are too small for most types of armour.
You have supernaturally acute eyesight. (SInv)
You are a herbivore.
You cover ground extremely quickly.
You need consume almost no food.


Message History

The killer bee stings you! x2
* * * LOW HITPOINT WARNING * * *
Huge Dmg: -37%(-16hp) hp: 50%(22hp)
Casting: Lee's Rapid Deconstruction
Confirm with . or Enter, or press ? or * to list all spells.
Aiming: Lee's Rapid Deconstruction
Press: ? - help, Dir - move target cursor That beam is likely to hit you.
Continue anyway?
The wall shatters!
The blast of rock fragments hits the killer bee.
You kill the killer bee!
The blast of rock fragments hits the killer bee.
The killer bee is heavily wounded.
The blast of rock fragments hits the killer bee.
You kill the killer bee!
The blast of rock fragments hits the killer bee.
You kill the killer bee!
The blast of rock fragments hits you!
Ouch! That really hurt!
You die...

##....#### #......... ,
#.# .[.#:..#
#...#....... #.#
.[[....#
#*#...#####.#.######.#
..)#...#,.. *#..†####
,#......... ...#.###.##,
#...#.. ,#.........
##.#......#.##..†#.#
.........
#.[#......#.....y..#
*#..####'# #.##.####.#*
#..†#.#######.## #.#
..##.. ,#
#..@.........).# #.#
.)#####
#....<.........###.# ..#
,,
.......#...........)##.#
..#' *
########...........)##.#
.....,,
#.......(..#†##.#
........,,
#..........#.##.#
........
#..........#.##.#
#####...####*
#..........#..#.#
#...........##
#......[...##.#.#


You could see a killer bee.

Vanquished Creatures
  A troll (D:9)
  A hornet (D:8)
  A water moccasin (D:5)
  7 orc warriors
  2 ice beasts
  The ghost of equalderp2856 the Covered, an amateur MiFi (D:3)
  A hornet zombie (D:9)
  A phantom (D:9)
  3 ogres
  A necrophage (D:8)
  A centaur (D:8)
  Blork the orc (D:4)
  A bullfrog (D:6)
  2 scorpions
  8 killer bees
  2 howler monkeys (D:9)
  5 crimson imps
  2 bullfrog zombies
  4 quasits
  A gnoll shaman (D:5)
  6 hounds
  4 jellies
  8 orc priests
  6 orc wizards
  A bullfrog skeleton (D:4)
  An iguana (D:8)
  Natasha (thrice) (D:3)
  12 worker ants
  A hound zombie (D:9)
  A hound skeleton (D:4)
  11 gnolls
  9 adders
  2 adder zombies
  An adder skeleton (D:9)
  3 worms (D:3)
  6 dart slugs
  2 leopard geckos
  43 orcs
  9 bats
  5 giant cockroaches
  12 goblins
  7 hobgoblins
  9 jackals
  3 quokkas
  4 ball pythons
  5 frilled lizards
  A jackal skeleton (D:5)
  6 kobolds
  13 rats
240 creatures vanquished.

Notes
Turn   | Place    | Note
-------+----------+-------------------------------------------
     0 | D:1      | Monsterracer the Spriggan Earth Elementalist began the quest for the Orb.
     0 | D:1      | Reached XP level 1. HP: 9/9 MP: 5/5
   190 | D:1      | Reached skill level 3 in Spellcasting
   225 | D:1      | Reached XP level 2. HP: 10/13 MP: 4/7
   231 | D:1      | Learned a level 2 spell: Passwall
   407 | D:1      | HP: 4/13 [gnoll/flail (9)]
   428 | D:1      | Reached XP level 3. HP: 5/16 MP: 3/8
   651 | D:1      | Learned a level 3 spell: Stone Arrow
  1298 | D:2      | Reached skill level 4 in Spellcasting
  1319 | D:2      | Reached XP level 4. HP: 18/21 MP: 11/11
  1779 | D:3      | Noticed equalderp2856's ghost (amateur MiFi)
  1899 | D:3      | Killed equalderp2856's ghost
  1899 | D:3      | Reached XP level 5. HP: 24/24 MP: 0/12
  1906 | D:3      | Learned a level 5 spell: Lee's Rapid Deconstruction
  2394 | D:3      | HP: 11/24 [gnoll/spear (13)]
  2615 | D:3      | Found a faded altar of an unknown god.
  2637 | D:3      | Noticed Natasha
  2640 | D:3      | Killed Natasha
  2640 | D:3      | Reached skill level 1 in Conjurations
  2654 | D:3      | Reached XP level 6. HP: 28/28 MP: 5/14
  2666 | D:3      | Noticed Natasha
  2667 | D:3      | Killed Natasha
  2667 | D:3      | Reached skill level 5 in Earth Magic
  2744 | D:3      | Reached skill level 5 in Spellcasting
  2751 | D:3      | Noticed Natasha
  2756 | D:3      | Killed Natasha
  3157 | D:3      | Found a bloodstained altar of Trog.
  3158 | D:3      | Found a hide-covered altar of Uskayaw.
  3158 | D:3      | Found a sacrificial altar of Ru.
  3160 | D:3      | Found a shattered altar of Ashenzari.
  3163 | D:3      | Became a worshipper of Ashenzari the Shackled
  3511 | D:4      | Found a staircase to the Ecumenical Temple.
  3548 | D:4      | Learned a level 4 spell: Petrify
  3769 | D:4      | Reached XP level 7. HP: 24/32 MP: 11/16
  3938 | D:4      | Noticed Blork the orc
  3943 | D:4      | Killed Blork the orc
  3943 | D:4      | Reached skill level 6 in Spellcasting
  4175 | D:5      | Entered Level 5 of the Dungeon
  4843 | D:5      | Reached skill level 5 in Stealth
  4843 | D:5      | Reached skill level 7 in Spellcasting
  4843 | D:5      | Reached XP level 8. HP: 22/36 MP: 4/19
  5518 | D:5      | Reached * piety under Ashenzari
  6769 | D:6      | Reached skill level 8 in Spellcasting
  7204 | D:7      | Reached XP level 9. HP: 35/39 MP: 14/22
  7851 | D:7      | Found an ancient bone altar of Kikubaaqudgha.
  7917 | D:7      | Found a sacrificial altar of Ru.
  7998 | D:7      | Identified Soc Ysmi's Collected Works on Damaging Toxins
  8155 | D:7      | Found a burning altar of Makhleb.
  8156 | D:7      | Found a radiant altar of Vehumet.
  8294 | D:8      | Reached ** piety under Ashenzari
  8367 | D:8      | Identified the +6 dire flail of Jodoxoi {holy, *Corrode rF+++ MR- Str+5}
  8421 | D:8      | Reached skill level 9 in Spellcasting
  8748 | D:8      | Learned a level 3 spell: Conjure Flame
  9249 | D:8      | Found a staircase to the Lair.
  9282 | D:9      | Noticed a troll
  9295 | D:9      | Killed a troll
  9295 | D:9      | Reached skill level 1 in Fire Magic
  9744 | D:9      | Reached skill level 1 in Short Blades
 10005 | D:9      | Reached XP level 10. HP: 41/44 MP: 3/24
 10082 | D:9      | Learned a level 4 spell: Sticky Flame
 10490 | D:9      | Found a roughly hewn altar of Beogh.
 10729 | D:9      | Found a staircase to the Orcish Mines.
 10790 | D:9      | Found a transporter.
 10791 | D:9      | Noticed a great orb of eyes
 10792 | D:9      | Identified the amulet "Catsix" {Regen+ Int+4 Slay+3}
 10793 | D:9      | Found a transporter.
 10960 | D:9      | HP: 22/44 [killer bee (8)]
 10961 | D:9      | Killed by blast of rock fragments

Skill      XL: |  1  2  3  4  5  6  7  8  9 10 |
---------------+-------------------------------+-----
Spellcasting   | 3 4 5 7 8 9 |  9.9
Earth Magic    | 3 4 5 6 7 8 |  8.4
Conjurations   | 1 2 3 |  3.7
Stealth        | 4 5 6 8 |  8.4
Transmutations | 4 |  4.7
Dodging        | 4 |  4.9
Fire Magic     | 1 |  1.9
Short Blades   | 1 2 |  2.0
Fighting       | |  0.5

Action                   |  1- 3 |  4- 6 |  7- 9 | 10-12 || total
-------------------------+-------+-------+-------+-------++-------
Melee: Dagger            |    43 |       |       |       ||    43
       Whip              |    34 |    46 |       |       ||    80
       Short sword       |       |     9 |   104 |    19 ||   132
       Spear             |       |     7 |       |       ||     7
Throw: Stone             |       |       |     1 |       ||     1
 Cast: Sandblast         |    12 |    43 |    89 |     5 ||   149
       Stone Arrow       |       |    17 |    71 |    27 ||   115
       Passwall          |       |     1 |     1 |       ||     2
       Lee's Rapid Decon |       |       |    10 |     1 ||    11
       Conjure Flame     |       |       |       |     2 ||     2
Invok: Curse Item        |       |       |     2 |       ||     2
  Use: Scroll            |       |     9 |     5 |       ||    14
 Stab: Sleeping          |     5 |     7 |     6 |       ||    18
       Distracted        |       |       |     1 |       ||     1
  Eat: Bread ration      |       |     1 |       |       ||     1
       Fruit             |       |       |     2 |     1 ||     3
       Royal jelly       |       |       |     1 |       ||     1
Armor: Robe              |    13 |     5 |    13 |       ||    31
Dodge: Dodged            |    72 |    45 |   104 |    13 ||   234
Block: Other             |     2 |     2 |    12 |     2 ||    18
